 Dungeon Crawl Stone Soup version 0.22-a0-558-gc2241811a9 (webtiles) character file.

12040 Hercules1031 the Fighter (level 11, -8/101 HPs)
             Began as a Minotaur Berserker on June 25, 2018.
             Was a High Priest of Trog.
             Mangled by a 12-headed hydra (10 damage)
             ... on level 3 of the Lair of Beasts on June 26, 2018.
             The game lasted 00:37:10 (10158 turns).

Hercules1031 the Fighter (Minotaur Berserker)      Turns: 10158, Time: 00:37:10

Health: -8/101     AC: 20    Str: 31    XL:     11   Next: 57%
Magic:  10/10      EV: 14    Int: 12    God:    Trog [*****.]
Gold:   594        SH:  6    Dex: 16    Spells: 10/10 levels left

rFire    . . .     SeeInvis .   w - +5 mace "Vunemn" {crush, Dex+2}
rCold    . . .     Gourm    .   k - +0 buckler
rNeg     . . .     Faith    .   e - +2 plate armour
rPois    .         Spirit   .   r - +1 hat
rElec    .         Reflect  .   y - +0 cloak
rCorr    .         Harm     .   B - +0 pair of gloves
MR       .....                  (no boots)
Stlth    ..........             (no amulet)
HPRegen  0.26/turn              j - +3 ring of dexterity
MPRegen  0.12/turn              m - +6 ring of intelligence

@: mighty
A: retaliatory headbutt, horns 2, thin skeletal structure 1, clever 1
a: Berserk, Trog's Hand, Brothers in Arms, Renounce Religion


You were on level 3 of the Lair of Beasts.
You worshipped Trog.
Trog was extremely pleased with you.
You were not hungry.

You visited 2 branches of the dungeon, and saw 11 of its levels.

You collected 594 gold pieces.

Inventory:

Hand Weapons
 w - the +5 mace "Vunemn" (weapon) {crush, Dex+2}
   (You found it on level 6 of the Dungeon)

   It inflicts extra damage upon your enemies.
   It affects your dexterity (+2).
 A - the +7 hand axe of Pairexoc {chop, rN+ Str+2 Int-3 Dex+3}
   (You found it on level 7 of the Dungeon)

   It inflicts extra damage upon your enemies.
   It affects your strength (+2).
   It affects your intelligence (-3).
   It affects your dexterity (+3).
   It protects you from negative energy.
Armour
 e - a +2 plate armour (worn)
 k - a +0 buckler (worn)
 r - a +1 hat (worn)
 y - a +0 cloak (worn)
 B - a +0 pair of gloves (worn)
Jewellery
 i - a +4 ring of intelligence
 j - a +3 ring of dexterity (left hand)
 l - an uncursed ring of protection from fire
 m - a +6 ring of intelligence (right hand)
 p - an uncursed ring of ice
 s - an uncursed ring of fire
Wands
 h - a wand of random effects (28)
Scrolls
 a - 5 scrolls of remove curse
 b - a scroll of identify
 d - 8 scrolls of teleportation
 q - a scroll of enchant weapon
Potions
 f - 3 potions of curing
 g - a potion of flight
 o - 3 potions of mutation
Comestibles
 c - 11 rations


   Skills:
 + Level 10.6 Fighting
 + Level 10.2(10.6) Axes
 - Level 4.2(7.9) Maces & Flails
 + Level 10.4 Armour
 + Level 9.5 Dodging
 + Level 8.9 Shields


You had 10 spell levels left.
You didn't know any spells.
Your spell library was empty.

Dungeon Overview and Level Annotations

Branches:
Dungeon (8/15)             Temple (0/1) D:4            Lair (3/6) D:8
  Swamp: Lair:2-4    Shoals: Lair:2-4     Snake: Lair:2-4    Spider: Lair:2-4

Altars:
Cheibriados
Dithmenos
Fedhas
Gozag
Makhleb
Qazlal
Sif Muna
Uskayaw
Wu Jian
Yredelemnul
Zin
The Shining One

Annotations:
Lair:3 Ufuzuash's ghost, journeyman GnBe


Innate Abilities, Weirdness & Mutations

You reflexively headbutt those who attack you in melee.
You have a pair of horns on your head.
You have a somewhat thin skeletal structure. (Dex +2, Stealth)
Your mind is acute. (Int +2)


Message History

You hit Ufuzuash's ghost but do no damage.
You headbutt Ufuzuash's ghost.
Ufuzuash's ghost is lightly damaged.
Ufuzuash's ghost hits you!!
* * * LOW HITPOINT WARNING * * *
You hit Ufuzuash's ghost but do no damage.
Ufuzuash's ghost is lightly damaged.
Ufuzuash's ghost hits you!
* * * LOW HITPOINT WARNING * * *
The 12-headed hydra closely misses you.
The 12-headed hydra bites you but does no damage.
The 12-headed hydra bites you.
* * * LOW HITPOINT WARNING * * *
The 12-headed hydra bites you.
* * * LOW HITPOINT WARNING * * *
The 12-headed hydra bites you but does no damage.
The 12-headed hydra bites you.
* * * LOW HITPOINT WARNING * * *
The 12-headed hydra barely misses you. The 12-headed hydra bites you!
You die...

###....( #.... ..# ........
#P..###.# ..#..## #..##..#
###..# ##..##P.### ## .
##...#### ##.....P...##.#..
#.#...#P###.#..............
........##...##........P.#.
......#........D##.....P!..
.......##.PP....@WD........
................###'''##...
.......##.###...##.....##..
.......#####..P.#.....(≈# #
.......## ####$#.).)..!#
P...PP..# ###......♣#
######.##### ##≈!..♣####
#####..###.#### ##.♣≈##..#
..........#..P###### ##..##


You could see a 12-headed hydra, a 11-headed hydra and Ufuzuash's ghost.

Vanquished Creatures
  A hydra (Lair:2)
  A two-headed ogre (D:8)
  An oklob plant (Lair:2)
  3 black mambas
  2 spiny frogs (Lair:1)
  2 komodo dragons (Lair:3)
  A rime drake (Lair:3)
  The ghost of gouglew the Slicer, a novice KoBe of Trog (D:4)
  3 blink frogs (Lair:1)
  4 hippogriffs
  A basilisk (Lair:3)
  11 yaks
  A water moccasin (Lair:2)
  7 porcupines
  An orc warrior (D:6)
  3 sky beasts (D:6)
  2 phantoms (D:8)
  An ice beast (D:6)
  2 black bears (D:8)
  6 centaurs
  2 ogres
  4 crocodiles
  10 bullfrogs
  3 scorpions
  4 electric eels
  A howler monkey (D:8)
  4 wights (D:7)
  2 crimson imps (D:8)
  8 hounds
  A jelly (D:5)
  6 orc wizards
  5 orc priests
  A gnoll shaman (D:5)
  Crazy Yiuf (D:6)
  A hell rat (Lair:3)
  5 worker ants
  2 worker ant zombies
  9 gnolls
  11 adders
  A shadow imp (D:5)
  An adder zombie (D:8)
  2 adder skeletons
  4 worms
  5 dart slugs
  3 leopard geckos
  17 orcs
  11 giant cockroaches
  5 goblins
  4 hobgoblins
  17 jackals
  3 quokkas
  A ball python (D:1)
  6 bats
  4 frilled lizards
  6 kobolds
  2 leopard gecko skeletons
  9 rats
  A fungus (D:8)
  A plant (Lair:3)
237 creatures vanquished.

Vanquished Creatures (others)
  17 fungi
  5 plants (Lair:3)
22 creatures vanquished.

Grand Total: 259 creatures vanquished

Notes
Turn   | Place    | Note
-------+----------+-------------------------------------------
     0 | D:1      | Hercules1031 the Minotaur Berserker began the quest for the Orb.
     0 | D:1      | Reached XP level 1. HP: 19/19 MP: 0/0
   193 | D:1      | Reached XP level 2. HP: 26/27 MP: 1/1
   876 | D:2      | Reached XP level 3. HP: 26/33 MP: 2/2
  1015 | D:2      | Found a stormy altar of Qazlal.
  1015 | D:2      | Noticed a water elemental
  1019 | D:2      | Noticed an earth elemental
  1020 | D:2      | Noticed a fire elemental
  1020 | D:2      | Noticed an air elemental
  1029 | D:2      | Reached ** piety under Trog
  1199 | D:2      | Reached XP level 4. HP: 40/40 MP: 3/3
  1496 | D:3      | Gained mutation: You have a somewhat thin skeletal structure. (Dex +2, Stealth) [potion of mutation]
  1496 | D:3      | Gained mutation: Your mind is acute. (Int +2) [potion of mutation]
  1591 | D:3      | Found an ornate altar of the Wu Jian Council.
  1874 | D:3      | Reached XP level 5. HP: 47/47 MP: 4/4
  1958 | D:3      | Reached *** piety under Trog
  2238 | D:4      | Found a basalt altar of Yredelemnul.
  2260 | D:4      | Reached skill level 5 in Axes
  2310 | D:4      | Reached skill level 5 in Fighting
  2412 | D:4      | Noticed a centaur
  2419 | D:4      | Killed a centaur
  2419 | D:4      | Reached XP level 6. HP: 22/56 MP: 5/5
  2607 | D:4      | Found a staircase to the Ecumenical Temple.
  2610 | D:4      | Found a transporter.
  2681 | D:4      | Found a transporter.
  2684 | D:4      | Noticed gouglew's ghost (novice KoBe)
  2741 | D:4      | Killed gouglew's ghost
  2741 | D:4      | Reached skill level 5 in Armour
  2741 | D:4      | Reached XP level 7. HP: 62/62 MP: 6/6
  2912 | D:4      | Reached skill level 1 in Shields
  2932 | D:4      | Found a blossoming altar of Fedhas.
  3006 | D:4      | Reached skill level 5 in Dodging
  3338 | D:5      | Entered Level 5 of the Dungeon
  3606 | D:5      | Reached XP level 8. HP: 50/71 MP: 7/7
  3746 | D:5      | Found a blossoming altar of Fedhas.
  3746 | D:5      | Found a glowing silver altar of Zin.
  4194 | D:6      | Reached **** piety under Trog
  4287 | D:6      | Got a faintly glowing mace
  4288 | D:6      | Identified the +5 mace "Vunemn" {crush, Dex+2} (You found it on level 6 of the Dungeon)
  4292 | D:6      | Found a runed door.
  4448 | D:6      | Found a shadowy altar of Dithmenos.
  4508 | D:6      | Reached skill level 1 in Maces & Flails
  4916 | D:6      | Found a snail-covered altar of Cheibriados.
  4989 | D:6      | Found an opulent altar of Gozag.
  5176 | D:6      | Noticed Crazy Yiuf
  5179 | D:6      | Killed Crazy Yiuf
  5270 | D:7      | Noticed a hippogriff
  5278 | D:7      | Killed a hippogriff
  5278 | D:7      | Reached XP level 9. HP: 78/79 MP: 8/8
  5290 | D:7      | Found a burning altar of Makhleb.
  5329 | D:7      | Got an ancient hand axe
  5360 | D:7      | Identified the +7 hand axe of Pairexoc {chop, rN+ Str+2 Int-3 Dex+3} (You found it on level 7 of the Dungeon)
  5743 | D:7      | Found a deep blue altar of Sif Muna.
  5873 | D:7      | Reached skill level 5 in Shields
  6257 | D:8      | Found a staircase to the Lair.
  6324 | D:8      | Reached XP level 10. HP: 82/90 MP: 9/9
  6552 | D:8      | Found a glowing golden altar of the Shining One.
  6552 | D:8      | Found a faded altar of an unknown god.
  6560 | D:8      | Found a hide-covered altar of Uskayaw.
  6562 | D:8      | Found a faded altar of an unknown god.
  6564 | D:8      | Found an opulent altar of Gozag.
  6718 | D:8      | Noticed a two-headed ogre
  6723 | D:8      | Killed a two-headed ogre
  6992 | Lair:1   | Entered Level 1 of the Lair of Beasts
  7321 | Lair:1   | Noticed a spiny frog
  7330 | Lair:1   | Killed a spiny frog
  7384 | Lair:1   | Noticed a black mamba
  7399 | Lair:1   | Killed a black mamba
  7444 | Lair:1   | Reached XP level 11. HP: 43/99 MP: 10/10
  7447 | Lair:1   | Reached ***** piety under Trog
  7447 | Lair:1   | Reached skill level 10 in Fighting
  8035 | Lair:2   | Noticed an oklob plant
  8599 | Lair:2   | Killed an oklob plant
  8852 | Lair:2   | Noticed a five-headed hydra
  8868 | Lair:2   | Killed a 13-headed hydra
  8868 | Lair:2   | Reached skill level 10 in Armour
  9538 | Lair:3   | Reached skill level 10 in Axes
 10130 | Lair:3   | Found a runed gate.
 10132 | Lair:3   | Found a runed gate.
 10132 | Lair:3   | Found a runed gate.
 10139 | Lair:3   | Noticed Ufuzuash's ghost (journeyman GnBe)
 10141 | Lair:3   | Noticed a 12-headed hydra
 10143 | Lair:3   | Noticed an 11-headed hydra
 10158 | Lair:3   | HP: 2/101 [12-headed hydra (6)]
 10158 | Lair:3   | Mangled by a 12-headed hydra

Vault maps used:
D:1:      roderic_crop_circles_arrival_small
D:2:      nicolae_qazlal_style_of_elements, first_ration
D:3:      lemuel_doored_altar, grunt_ministairs_13
D:4:      old_standard_altar, minmay_temple_entry_overgrown,
          gammafunk_ghost_arena, fedhas_bush_and_centaur_altar
D:5:      gammafunk_temple_overflow_elements
D:6:      kennysheep_mini, lemuel_round_altar, basic_altar,
          uniq_crazy_yiuf_cottage
D:7:      makhleb_heckhound_becter, tgw_sif
D:8:      chequers_temple_overflow_minitemple, due_lair_maze_entry_diamond,
          kennysheep_boxes
Lair:1:   dpeg_stationary_puzzle
Lair:2:   minmay_lair_oklob_bushes, serial_bayou_shore_a
Lair:3:   gammafunk_ghost_hydra_chop, beast_lair_carwin_9, grunt_megastairs_5,
          lemuel_fruit_tree

Skill      XL: |  1  2  3  4  5  6  7  8  9 10 11 |
---------------+----------------------------------+-----
Axes           | 4 5 6 7 8 9 10 | 10.2
Fighting       | 4 5 6 7 8 9 10 | 10.6
Armour         | 3 4 5 7 8 9 10 | 10.4
Dodging        | 3 4 5 6 7 8 9 |  9.5
Shields        | 2 4 6 7 8 |  8.9
Maces & Flails | 3 4 |  4.2

Action                   |  1- 3 |  4- 6 |  7- 9 | 10-12 || total
-------------------------+-------+-------+-------+-------++-------
Melee: Hand axe          |    58 |   104 |   186 |   179 ||   527
       Headbutt          |     7 |    24 |    67 |    61 ||   159
       Mace              |       |       |    61 |     6 ||    67
Invok: Berserk           |       |     1 |       |     1 ||     2
Evoke: Wand              |       |       |       |    12 ||    12
       Phantom mirror    |       |       |       |     1 ||     1
  Use: Scroll            |     5 |     8 |     2 |    11 ||    26
       Potion            |       |     5 |     4 |     5 ||    14
  Eat: Ration            |     1 |     1 |     5 |     3 ||    10
Armor: Scale mail        |    30 |     1 |       |       ||    31
       Plate armour      |       |    78 |   146 |   128 ||   352
Dodge: Dodged            |    38 |    49 |   102 |   139 ||   328
Block: Buckler           |       |       |    60 |    80 ||   140

Table legend:
 A = Spawn XP
 B = Non-spawn XP
 C = Spawn XP percentage of total XP
 D = Spawn monster count
 E = Non-spawn monster count
 F = Spawn count percentage of total count
 G = Total turns spent on level
                    A         B        C        D         E        F      G
               +---------+---------+-------+---------+---------+-------+---------
         Total |       0 |   17200 |   0.0 |       0 |     235 |   0.0 | 10158
               +---------+---------+-------+---------+---------+-------+---------
           D:1 |       0 |      38 |   0.0 |       0 |      21 |   0.0 |   800
           D:2 |       0 |      84 |   0.0 |       0 |      23 |   0.0 |   633
           D:3 |       0 |     127 |   0.0 |       0 |      31 |   0.0 |   799
           D:4 |       0 |     924 |   0.0 |       0 |      29 |   0.0 |  1106
           D:5 |       0 |     363 |   0.0 |       0 |      16 |   0.0 |   753
           D:6 |       0 |    1098 |   0.0 |       0 |      19 |   0.0 |  1116
           D:7 |       0 |    1359 |   0.0 |       0 |      22 |   0.0 |   954
           D:8 |       0 |    3607 |   0.0 |       0 |      32 |   0.0 |  1041
        Lair:1 |       0 |    4483 |   0.0 |       0 |      23 |   0.0 |   757
        Lair:2 |       0 |    1874 |   0.0 |       0 |       6 |   0.0 |  1556
        Lair:3 |       0 |    3243 |   0.0 |       0 |      13 |   0.0 |   643
               +---------+---------+-------+---------+---------+-------+---------
